BLB
PAWTUCKET PATRIOTS @ SYRACUSE SNAPPERS
03/30/2060
 
TOP OF THE 1ST
Pawtucket Patriots batting - Pitching for Syracuse Snappers : RHP Judean Dang
Pitching: RHP Judean Dang
Batting: RHB Paxton Barnett 0-0: Ball
1-0: Ball
2-0: Ball
3-0: Base on Balls
Batting: RHB Keith Friday 0-0: Ball
1-0: Called Strike
1-1: Swinging Strike
1-2: Strikes out swinging
Batting: LHB Ira Benda 0-0: Called Strike
0-1: Ball
1-1: Foul Ball, location: 2F
1-2: Strikes out swinging
Batting: LHB Justin Knight 0-0: Called Strike
0-1: Called Strike
0-2: Strikes out looking
Top of the 1st over - 0 runs, 0 hits, 0 errors, 1 left on base; Pawtucket 0 - Syracuse 0
BOTTOM OF THE 1ST
Syracuse Snappers batting - Pitching for Pawtucket Patriots : LHP Cody Hoagland
Pitching: LHP Cody Hoagland
Batting: SHB Drake Stock 0-0: Called Strike
0-1: Ball
1-1: Called Strike
1-2: Strikes out swinging
Batting: RHB Cody Kats 0-0: Foul Ball, location: 2F
0-1: Ball
1-1: Ball
2-1: Ground out 5-3 (Groundball, 56S, EV 88.1 MPH)
Batting: RHB Asher Kappler 0-0: Ball
1-0: Foul Ball, location: 2F
1-1: Foul Ball, location: 2F
1-2: Ball
2-2: Foul Ball, location: 2F
2-2: Ground out 4-3 (Groundball, 4M, EV 91.2 MPH)
Bottom of the 1st over - 0 runs, 0 hits, 0 errors, 0 left on base; Pawtucket 0 - Syracuse 0
TOP OF THE 2ND
Pawtucket Patriots batting - Pitching for Syracuse Snappers : RHP Judean Dang
Batting: LHB Sayon Castillo 0-0: Ball
1-0: Called Strike
1-1: Swinging Strike
1-2: Ball
2-2: Ball
3-2: SINGLE (Line Drive, 9S, EV 101.2 MPH)
Batting: RHB Brayden Carlson 0-0: Fly out, F5 (Line Drive, 5L, EV 71.2 MPH)
Lined into DP, 5-3 (Line Drive, 5L, EV 71.9 MPH)
Batting: LHB Benjamin Guy 0-0: Swinging Strike
0-1: Foul Ball, location: 2F
0-2: Ball
1-2: Strikes out swinging
Top of the 2nd over - 0 runs, 1 hit, 0 errors, 0 left on base; Pawtucket 0 - Syracuse 0
BOTTOM OF THE 2ND
Syracuse Snappers batting - Pitching for Pawtucket Patriots : LHP Cody Hoagland
Batting: LHB Robert Wenstrom 0-0: Ball
1-0: SINGLE (Flyball, 8LS, EV 97.5 MPH)
Batting: SHB J.D. Diltz 0-0: Ball
1-0: Ball
2-0: Grounds into double play, 5-4-3 (Groundball, 5L, EV 100.0 MPH)
Batting: LHB Devan Clark 0-0: Called Strike
0-1: Ball
1-1: Ball
2-1: SINGLE (Flyball, 6D, EV 96.2 MPH)
Batting: RHB Victor Day 0-0: Called Strike
0-1: Ball
1-1: Foul Ball, location: 2F
1-2: Foul Ball, location: 2F
1-2: SINGLE (Line Drive, 78S, EV 110.6 MPH)
Devan Clark to second
Runner from 2nd tries for 3rd, SAFE, no throw by LF
Batting: RHB Damian Goranson 0-0: Swinging Strike
0-1: Foul Ball, location: 2F
0-2: Ball
1-2: Ball
2-2: Strikes out swinging
Bottom of the 2nd over - 0 runs, 3 hits, 0 errors, 2 left on base; Pawtucket 0 - Syracuse 0
TOP OF THE 3RD
Pawtucket Patriots batting - Pitching for Syracuse Snappers : RHP Judean Dang
Batting: LHB Brandt Bagishaev 0-0: Called Strike
0-1: Ball
1-1: Fly out, F8 (Flyball, 8RM, EV 81.9 MPH)
Batting: LHB Deshaun Hone 0-0: Ball
1-0: Called Strike
1-1: Ball
2-1: Ball
3-1: Swinging Strike
3-2: Strikes out looking
Batting: RHB Paxton Barnett 0-0: Called Strike
0-1: Foul Ball, location: 2F
0-2: Strikes out swinging
Top of the 3rd over - 0 runs, 0 hits, 0 errors, 0 left on base; Pawtucket 0 - Syracuse 0
BOTTOM OF THE 3RD
Syracuse Snappers batting - Pitching for Pawtucket Patriots : LHP Cody Hoagland
Batting: RHB Lukas Byrd 0-0: Called Strike
0-1: Fly out, F9 (Line Drive, 9, EV 95.0 MPH)
Batting: SHB Drake Stock 0-0: Called Strike
0-1: Ball
1-1: Foul Ball, location: 2F
1-2: Strikes out swinging
Batting: RHB Cody Kats 0-0: Called Strike
0-1: Ball
1-1: Swinging Strike
1-2: Ball
2-2: Strikes out swinging
Bottom of the 3rd over - 0 runs, 0 hits, 0 errors, 0 left on base; Pawtucket 0 - Syracuse 0
TOP OF THE 4TH
Pawtucket Patriots batting - Pitching for Syracuse Snappers : RHP Judean Dang
Batting: RHB Keith Friday 0-0: Ball
1-0: Foul Ball, location: 2F
1-1: Fly out, F8 (Flyball, 78D, EV 90.6 MPH)
Batting: LHB Ira Benda 0-0: Ball
1-0: Swinging Strike
1-1: Foul Ball, location: 2F
1-2: Strikes out looking
Batting: LHB Justin Knight 0-0: Ball
1-0: Ball
2-0: Foul Ball, location: 2F
2-1: Swinging Strike
2-2: Strikes out swinging
Top of the 4th over - 0 runs, 0 hits, 0 errors, 0 left on base; Pawtucket 0 - Syracuse 0
BOTTOM OF THE 4TH
Syracuse Snappers batting - Pitching for Pawtucket Patriots : LHP Cody Hoagland
Batting: RHB Asher Kappler 0-0: Called Strike
0-1: SINGLE (Groundball, 56S, EV 73.1 MPH) (infield hit)
Batting: LHB Robert Wenstrom 0-0: Ball
1-0: Ball
2-0: Fly out, F8 (Line Drive, 8LS, EV 93.1 MPH)
Batting: SHB J.D. Diltz 0-0: Ball
1-0: Ball
2-0: 2-RUN HOME RUN (Flyball, 89XD, EV 103.1 MPH), Distance : 422 ft
Batting: LHB Devan Clark 0-0: Foul Ball, location: 2F
0-1: Ball
1-1: Swinging Strike
1-2: Foul Ball, location: 2F
1-2: Fly out, F7 (Flyball, 7S, EV 90.6 MPH)
Batting: RHB Victor Day 0-0: Ground out 5-3 (Groundball, 56D, EV 106.2 MPH)
Bottom of the 4th over - 2 runs, 2 hits, 0 errors, 0 left on base; Pawtucket 0 - Syracuse 2
TOP OF THE 5TH
Pawtucket Patriots batting - Pitching for Syracuse Snappers : RHP Judean Dang
Now at 1B: Spencer Buccheri
Now in CF: Drake Stock
Now in RF: Walter Worsham
Batting: LHB Sayon Castillo 0-0: Swinging Strike
0-1: Ball
1-1: Swinging Strike
1-2: Strikes out swinging, 2-3 out at first.
Batting: RHB Brayden Carlson 0-0: Ball
1-0: Foul Ball, location: 2F
1-1: Called Strike
1-2: Foul Ball, location: 2F
1-2: Ground out 4-3 (Groundball, 4, EV 88.1 MPH)
Batting: LHB Benjamin Guy 0-0: Foul Ball, location: 2F
0-1: Swinging Strike
0-2: DOUBLE (Line Drive, 89D, EV 103.1 MPH)
Batting: LHB Brandt Bagishaev 0-0: Ball
1-0: Ball
2-0: Foul Ball, location: 2F
2-1: Foul Ball, location: 2F
2-2: Strikes out swinging
Top of the 5th over - 0 runs, 1 hit, 0 errors, 1 left on base; Pawtucket 0 - Syracuse 2
BOTTOM OF THE 5TH
Syracuse Snappers batting - Pitching for Pawtucket Patriots : LHP Cody Hoagland
Now at 3B: Tymell Wade
Batting: RHB Damian Goranson 0-0: Foul Ball, location: 2F
0-1: Ball
1-1: Ball
2-1: Ball
3-1: Fly out, F9 (Line Drive, 9D, EV 91.2 MPH)
Batting: RHB Lukas Byrd 0-0: Ball
1-0: Ball
2-0: Called Strike
2-1: SINGLE (Groundball, 6MD, EV 95.0 MPH)
Pinch Hitting: RHB Felix Guzman 0-0: Fly out, F4 (Popup, 4M, EV 60.0 MPH)
Batting: RHB Cody Kats 0-0: Called Strike
0-1: Ball
1-1: Ball
2-1: Fly out, F7 (Flyball, 7, EV 88.8 MPH)
Bottom of the 5th over - 0 runs, 1 hit, 0 errors, 1 left on base; Pawtucket 0 - Syracuse 2
TOP OF THE 6TH
Pawtucket Patriots batting - Pitching for Syracuse Snappers : RHP Judean Dang
Pitching: RHP Eli Houchin
Now in CF: Felix Guzman
Batting: LHB Deshaun Hone 0-0: Called Strike
0-1: Ball
1-1: Called Strike
1-2: Strikes out swinging
Batting: RHB Paxton Barnett 0-0: Called Strike
0-1: SINGLE (Line Drive, 4MD, EV 107.5 MPH)
Batting: RHB Keith Friday 0-0: Called Strike
0-1: Called Strike
0-2: Ball
1-2: Ball
2-2: Ball
3-2: Foul Ball, location: 2F
3-2: Reached on error, E4 (Groundball, 34, EV 76.2 MPH)
Paxton Barnett to second
Batting: RHB Carter Kocher 0-0: TRIPLE (Line Drive, 78XD, EV 107.5 MPH)
Paxton Barnett scores
Keith Friday scores
Pinch Hitting: SHB Cody Janway 0-0: Ball
1-0: Swinging Strike
1-1: Foul Ball, location: 2F
1-2: SINGLE (Groundball, 34D, EV 94.4 MPH)
Carter Kocher scores
Pitching: LHP Jamie Matchett
Pinch Hitting: RHB Burgess Nalivkin 0-0: Ball
1-0: Ball
2-0: Called Strike
2-1: Swinging Strike
2-2: Foul Ball, location: 2F
2-2: Foul Ball, location: 2F
2-2: Foul Ball, location: 2F
2-2: Strikes out swinging
Pitching: RHP Rob Villarreal
Batting: RHB Tymell Wade 0-0: Ball
Cody Janway steals 2nd base
1-0: Ground out 1-3 (Groundball, 15S, EV 65.0 MPH)
Top of the 6th over - 3 runs, 3 hits, 1 error, 1 left on base; Pawtucket 3 - Syracuse 2
BOTTOM OF THE 6TH
Syracuse Snappers batting - Pitching for Pawtucket Patriots : LHP Cody Hoagland
Pitching: RHP Sheldon Meadows
Now at 1B: Burgess Nalivkin
Now in CF: Cody Janway
Now in RF: Brandt Bagishaev
Batting: SHB Spencer Buccheri 0-0: Swinging Strike
0-1: Ball
1-1: Ball
2-1: Called Strike
2-2: Ball
3-2: Strikes out swinging
Pinch Hitting: LHB Lawrence Gatzioudis 0-0: Called Strike
0-1: Ball
1-1: Foul Ball, location: 2F
1-2: SINGLE (Groundball, 4MD, EV 95.6 MPH)
Batting: RHB Ben Piche 0-0: Fielders Choice at 2nd, 1-6 (Groundball, 13S, EV 66.2 MPH)
Batting: RHB Walter Worsham 0-0: Called Strike
Ben Piche steals 2nd base
0-1: Swinging Strike
0-2: Ball
1-2: Foul Ball, location: 2F
1-2: Ball
2-2: SINGLE (Flyball, 78S, EV 95.0 MPH)
Ben Piche to third
Pinch Hitting: RHB Rodell bin Rahman 0-0: Called Strike
0-1: Ball
1-1: Ground out 6-3 (Groundball, 6M, EV 90.0 MPH)
Bottom of the 6th over - 0 runs, 2 hits, 0 errors, 2 left on base; Pawtucket 3 - Syracuse 2
TOP OF THE 7TH
Pawtucket Patriots batting - Pitching for Syracuse Snappers : RHP Rob Villarreal
Now at 2B: Rodell bin Rahman
Now in LF: Walter Worsham
Now in RF: Lawrence Gatzioudis
Batting: LHB Benjamin Guy 0-0: Fly out, F8 (Flyball, 8LD, EV 76.9 MPH)
Batting: LHB Brandt Bagishaev 0-0: Called Strike
0-1: Ball
1-1: Fly out, F5 (Popup, 56, EV 61.2 MPH)
Batting: LHB Deshaun Hone 0-0: Called Strike
0-1: Fly out, F8 (Flyball, 8RS, EV 79.4 MPH)
Top of the 7th over - 0 runs, 0 hits, 0 errors, 0 left on base; Pawtucket 3 - Syracuse 2
BOTTOM OF THE 7TH
Syracuse Snappers batting - Pitching for Pawtucket Patriots : RHP Sheldon Meadows
Pitching: RHP Peter Long
Now at C: Brenden Morris
Batting: RHB Damian Goranson 0-0: Called Strike
0-1: Ball
1-1: Ball
2-1: Foul Ball, location: 2F
2-2: Ball
3-2: Foul Ball, location: 2F
3-2: Foul Ball, location: 2F
3-2: Strikes out swinging
Batting: RHB Lukas Byrd 0-0: Ground out 5-3 (Groundball, 56, EV 82.5 MPH)
Pinch Hitting: LHB Grayson Fragale 0-0: Ball
1-0: Hit by Pitch
Pinch Hitting: RHB Charlie Jones 0-0: Called Strike
0-1: Ball
1-1: Ball
2-1: Foul Ball, location: 2F
2-2: Foul Ball, location: 2F
2-2: Ball
3-2: Base on Balls
Grayson Fragale to second
Batting: SHB Spencer Buccheri 0-0: Foul Ball, location: 2F
0-1: Called Strike
0-2: Foul Ball, location: 2F
0-2: Fly out, F9 (Flyball, 9S, EV 86.2 MPH)
Bottom of the 7th over - 0 runs, 0 hits, 0 errors, 2 left on base; Pawtucket 3 - Syracuse 2
TOP OF THE 8TH
Pawtucket Patriots batting - Pitching for Syracuse Snappers : RHP Rob Villarreal
Now at 3B: Charlie Jones
Now in CF: Grayson Fragale
Batting: RHB Paxton Barnett 0-0: Called Strike
0-1: Swinging Strike
0-2: SINGLE (Line Drive, 6D, EV 96.9 MPH)
Batting: RHB Keith Friday 0-0: Bunted foul
0-1: Bunted foul
0-2: Ball
1-2: Foul Ball, location: 2F
1-2: Foul Ball, location: 2F
1-2: DOUBLE (Line Drive, 7LS, EV 106.2 MPH)
Paxton Barnett to third
Runner from 3rd tries for Home, throw by LF and OUT! 7-6-2
Batting: RHB Carter Kocher 0-0: Foul Ball, location: 2F
0-1: Ball
1-1: DOUBLE (Line Drive, 7LS, EV 108.1 MPH)
Keith Friday scores
Batting: SHB Cody Janway 0-0: SINGLE (Groundball, 4D, EV 108.8 MPH)
Carter Kocher to third
Runner from 3rd tries for Home, SAFE, throw by CF to home
Batting: RHB Burgess Nalivkin 0-0: Ball
Cody Janway is caught stealing 2nd base 2-4
1-0: Ball
2-0: SINGLE (Groundball, 6MD, EV 110.6 MPH)
Batting: RHB Tymell Wade 0-0: Called Strike
0-1: Fly out, F9 (Flyball, 89M, EV 93.8 MPH)
Top of the 8th over - 2 runs, 5 hits, 0 errors, 1 left on base; Pawtucket 5 - Syracuse 2
BOTTOM OF THE 8TH
Syracuse Snappers batting - Pitching for Pawtucket Patriots : RHP Peter Long
Batting: LHB Lawrence Gatzioudis 0-0: Called Strike
0-1: Ground out 5-3 (Groundball, 56, EV 91.2 MPH)
Batting: RHB Ben Piche 0-0: Fly out, F7 (Line Drive, 7, EV 88.8 MPH)
Batting: RHB Walter Worsham 0-0: Ball
1-0: Called Strike
1-1: Ball
2-1: Reached via error on a dropped throw from 1B, E1 (Groundball, 13, EV 91.9 MPH)
Batting: RHB Rodell bin Rahman 0-0: Foul Ball, location: 2F
0-1: Foul Ball, location: 2F
0-2: Ball
1-2: Foul Ball, location: 2F
1-2: Ball
2-2: Foul Ball, location: 2F
2-2: Fielders Choice at 2nd, 6-4 (Groundball, 6, EV 93.1 MPH)
Bottom of the 8th over - 0 runs, 0 hits, 1 error, 1 left on base; Pawtucket 5 - Syracuse 2
TOP OF THE 9TH
Pawtucket Patriots batting - Pitching for Syracuse Snappers : RHP Rob Villarreal
Pitching: RHP Ron Rogers
Batting: LHB Benjamin Guy 0-0: Ball
1-0: Fly out, F8 (Flyball, 8LM, EV 83.8 MPH)
Batting: LHB Brandt Bagishaev 0-0: Swinging Strike
0-1: Ball
1-1: Foul Ball, location: 2F
1-2: Foul Ball, location: 2F
1-2: Ball
2-2: Strikes out looking
Batting: RHB Brenden Morris 0-0: Called Strike
0-1: Ball
1-1: Ball
2-1: Ball
3-1: Base on Balls
Batting: RHB Paxton Barnett 0-0: Called Strike
0-1: SINGLE (Line Drive, 6MD, EV 104.4 MPH)
Brenden Morris to second
Batting: RHB Keith Friday 0-0: Ball
1-0: Ball
2-0: Swinging Strike
2-1: Swinging Strike
2-2: Strikes out swinging
Top of the 9th over - 0 runs, 1 hit, 0 errors, 2 left on base; Pawtucket 5 - Syracuse 2
BOTTOM OF THE 9TH
Syracuse Snappers batting - Pitching for Pawtucket Patriots : RHP Peter Long
Pitching: RHP Quin Mueller
Batting: RHB Damian Goranson 0-0: Swinging Strike
0-1: Ball
1-1: Ground out 5-3 (Groundball, 56, EV 102.5 MPH)
Pinch Hitting: RHB Colton Sheridan 0-0: Ground out 6-3 (Groundball, 6, EV 87.5 MPH)
Batting: LHB Grayson Fragale 0-0: Foul Ball, location: 2F
0-1: Called Strike
0-2: Ball
1-2: Fly out, F7 (Flyball, 78M, EV 90.6 MPH)
Bottom of the 9th over - 0 runs, 0 hits, 0 errors, 0 left on base; Pawtucket 5 - Syracuse 2
Wednesday, April 17th , 2024 - OOTP Baseball 23.10 Build 110